 Dungeon Sprint DCSS version 0.22-a0-388-g09e6169 (webtiles) character file.

3557 Kidiri the Eclecticist (level 9, -9/52 HPs)
             Began as a Deep Elf Fire Elementalist on Apr 29, 2018.
             Was a High Priest of Vehumet.
             Mangled by a death yak (13 damage)
             ... in the Dungeon (Sprint IX: "|||||||||||||||||||||||||||||").
             The game lasted 00:07:53 (1815 turns).

Kidiri the Eclecticist (Deep Elf Fire Elementalist) Turns: 1815, Time: 00:07:54

Health: -9/52      AC:  7    Str: 10    XL:     9   Next: 83%
Magic:  24/32      EV: 18    Int: 24    God:    Vehumet [*****.]
Gold:   0          SH:  0    Dex: 15    Spells: 13/42 levels left

rFire    . . .     SeeInvis .   j - +2 rapier (elec)
rCold    . . .     Gourm    .   b - +0 buckler
rNeg     . . .     Faith    .   f - +0 steam dragon scales
rPois    .         Spirit   .   (no helmet)
rElec    .         Reflect  .   (no cloak)
rCorr    .         Harm     .   o - +0 pair of gloves
MR       .....     NoTele   +   (no boots)
Stlth    +.........             (no amulet)
HPRegen  0.17/turn              p - +2 ring of evasion
MPRegen  0.23/turn              q - +3 ring of strength

@: confused
A: blurry vision 1, strong 1, evolution 1, sturdy frame 1
a: Renounce Religion


You were in the Dungeon.
You worshipped Vehumet.
Vehumet was extremely pleased with you.
You were not hungry.

You visited 1 branch

Inventory:

Hand Weapons
 j - a +2 rapier of electrocution (weapon)
Armour
 a - a +0 robe
 b - a +0 buckler (worn)
 f - +0 steam dragon scales (worn)
 o - a +0 pair of gloves (worn)
Jewellery
 p - a +2 ring of evasion (left hand)
 q - a +3 ring of strength (right hand)
 r - an uncursed ring of stealth
Wands
 n - a wand of iceblast (10)
Scrolls
 i - 3 scrolls of blinking
 l - 3 scrolls of remove curse
 m - 2 scrolls of amnesia
 s - 4 scrolls of enchant armour
 t - 2 scrolls of enchant weapon
 u - a scroll of fog
Potions
 d - 2 potions of curing
 e - 7 potions of heal wounds
 g - 2 potions of magic
 h - a potion of berserk rage
 k - a potion of invisibility
Comestibles
 c - 10 chunks of flesh


   Skills:
 + Level 3.8 Fighting
 + Level 4.6 Short Blades
 + Level 3.8 Armour
 + Level 6.2 Dodging
 - Level 2.4 Stealth
 + Level 3.8 Shields
 * Level 17.1 Spellcasting
 + Level 10.8 Conjurations
 + Level 11.2 Fire Magic
 + Level 1.9 Ice Magic
 + Level 2.9 Air Magic
 + Level 3.2 Poison Magic


You had 13 spell levels left.
You knew the following spells:

 Your Spells              Type           Power        Failure   Level  Hunger
a - Flame Tongue          Conj/Fire      #####        1%          1    None
b - Throw Flame           Conj/Fire      ######       1%          2    None
c - Conjure Flame         Conj/Fire      ######..     1%          3    None
d - Inner Flame           Hex/Fire       #####...     1%          3    None
e - Sticky Flame          Conj/Fire      ######..     1%          4    None
f - Fireball              Conj/Fire      ######....   1%          5    None
g - Throw Icicle          Conj/Ice       ######..     1%          4    None
h - Mephitic Cloud        Conj/Pois/Air  #####...     1%          3    None
i - Olgreb's Toxic Radia  Pois           #####...     1%          4    None


Dungeon Overview and Level Annotations

Branches:
Dungeon (1/1)

Altars:
Cheibriados
Dithmenos
Elyvilon
Fedhas
Gozag
Hepliaklqana
Kikubaaqudgha
Makhleb
Nemelex Xobeh
Okawaru
Qazlal
Ru
Sif Muna
Trog
Uskayaw
Vehumet
Wu Jian
Xom
Yredelemnul
Zin
The Shining One
Beogh
Jiyva
Lugonu


Innate Abilities, Weirdness & Mutations

Scrolls take you a little longer to read.
Your muscles are strong. (Str +2)
You evolve.
Your movements are slightly less encumbered by armour. (ER -2)


Message History

The death yak appears confused.
The death yak gores you.
You bump into the unnaturally hard rock wall.
You are engulfed in noxious fumes.
You choke on the stench!
You are more confused.
The death yak looks more healthy.
The death yak burns!
The death yak is engulfed in noxious fumes.
The death yak gores the death yak!
The death yak is engulfed in noxious fumes.
The death yak appears confused.
The death yak gores you!
* * * LOW HITPOINT WARNING * * *
Unknown command.
You hit the death yak.
The death yak is severely wounded.
You are engulfed in noxious fumes.
* * * LOW HITPOINT WARNING * * *
The death yak burns!
The death yak is engulfed in noxious fumes.
The death yak appears confused.
The death yak gores the yak.
The death yak gores you!
You die...

▓.▓.▓_▓
▓Y▓.▓_▓
▓Y▓.▓_▓
▓Y▓.▓_▓
▓Y▓.▓_▓
▓Y▓.▓_▓
▓Y▓.▓_▓
▓Y▓.▓_▓
▓@▓.▓_▓
▓'▓.▓_▓
▓.▓.▓_▓
▓.▓.▓_▓
▓.▓.▓_▓
▓.▓.▓_▓
▓÷▓.▓_▓
▓.▓.▓_▓
▓.▓.▓_▓


You could see 4 death yaks and 3 yaks.

Vanquished Creatures
  A spiny frog (D)
  2 komodo dragons (D)
  A tengu conjurer (D)
  2 blink frogs (D)
  A hippogriff (D)
  A wyvern (D)
  2 yaks (D)
  A steam dragon (D)
  2 basilisks (D)
  2 water moccasins (D)
  3 porcupines (D)
  An eye of draining (D)
  2 ogres (D)
  A centaur (D)
  A crocodile (D)
  2 bullfrogs (D)
  A killer bee (D)
  A wight (D)
  2 adders (D)
  An ooze (D)
  An adder zombie (D)
  An adder skeleton (D)
  An orc (D)
  A giant cockroach (D)
  A ball python zombie (D)
  A frilled lizard (D)
  2 kobolds (D)
  A quokka skeleton (D)
39 creatures vanquished.

Vanquished Creatures (others)
  An orc (D)
1 creature vanquished.

Grand Total: 40 creatures vanquished

Notes
Turn   | Place    | Note
-------+----------+-------------------------------------------
     0 | D        | Kidiri the Deep Elf Fire Elementalist began the quest for the Orb.
     0 | D        | Reached XP level 1. HP: 10/10 MP: 6/6
     7 | D        | Reached skill level 4 in Spellcasting
    32 | D        | Reached XP level 2. HP: 7/15 MP: 0/9
   187 | D        | Learned a level 2 spell: Throw Flame
   192 | D        | Reached skill level 5 in Spellcasting
   212 | D        | Reached skill level 6 in Spellcasting
   213 | D        | Reached XP level 3. HP: 8/19 MP: 4/13
   290 | D        | Found a roughly hewn altar of Beogh.
   290 | D        | Found a snail-covered altar of Cheibriados.
   290 | D        | Found a shadowy altar of Dithmenos.
   290 | D        | Found a white marble altar of Elyvilon.
   290 | D        | Found a blossoming altar of Fedhas.
   290 | D        | Found an opulent altar of Gozag.
   291 | D        | Found a hazy altar of Hepliaklqana.
   292 | D        | Found a viscous altar of Jiyva.
   293 | D        | Found an ancient bone altar of Kikubaaqudgha.
   294 | D        | Found a corrupted altar of Lugonu.
   295 | D        | Found a burning altar of Makhleb.
   296 | D        | Found a sparkling altar of Nemelex Xobeh.
   297 | D        | Found an iron altar of Okawaru.
   298 | D        | Found a stormy altar of Qazlal.
   299 | D        | Found a sacrificial altar of Ru.
   300 | D        | Found a deep blue altar of Sif Muna.
   301 | D        | Found a bloodstained altar of Trog.
   302 | D        | Found a hide-covered altar of Uskayaw.
   303 | D        | Found a radiant altar of Vehumet.
   304 | D        | Found an ornate altar of the Wu Jian Council.
   305 | D        | Found a shimmering altar of Xom.
   306 | D        | Found a basalt altar of Yredelemnul.
   307 | D        | Found a glowing silver altar of Zin.
   308 | D        | Found a glowing golden altar of the Shining One.
   311 | D        | Became a worshipper of Vehumet
   333 | D        | Learned a level 3 spell: Conjure Flame
   337 | D        | Learned a level 3 spell: Inner Flame
   461 | D        | Noticed a centaur
   461 | D        | Noticed a wyvern
   461 | D        | Noticed a killer bee
   461 | D        | Noticed an ogre
   485 | D        | Killed an ogre
   485 | D        | Killed a killer bee
   485 | D        | Reached skill level 8 in Spellcasting
   485 | D        | Reached skill level 5 in Fire Magic
   485 | D        | Reached XP level 4. HP: 24/24 MP: 6/16
   485 | D        | Reached skill level 10 in Spellcasting
   485 | D        | Reached skill level 5 in Conjurations
   485 | D        | Reached XP level 5. HP: 28/28 MP: 6/19
   486 | D        | Reached * piety under Vehumet
   486 | D        | Offered knowledge of Shock by Vehumet.
   489 | D        | Killed a wyvern
   489 | D        | Reached skill level 12 in Spellcasting
   489 | D        | Reached XP level 6. HP: 32/32 MP: 5/23
   528 | D        | Learned a level 4 spell: Sticky Flame
   535 | D        | Reached ** piety under Vehumet
   542 | D        | Learned a level 5 spell: Fireball
   858 | D        | Noticed a steam dragon
   858 | D        | Noticed a tengu conjurer
   872 | D        | Killed a tengu conjurer
   872 | D        | Offered knowledge of Freeze by Vehumet.
   872 | D        | Reached skill level 14 in Spellcasting
   872 | D        | Reached XP level 7. HP: 18/36 MP: 13/26
   877 | D        | Reached *** piety under Vehumet
   877 | D        | Reached skill level 15 in Spellcasting
   883 | D        | Killed a steam dragon
   883 | D        | Reached skill level 10 in Fire Magic
  1146 | D        | Gained mutation: Scrolls take you a little longer to read. [potion of mutation]
  1146 | D        | Gained mutation: You evolve. [potion of mutation]
  1146 | D        | Gained mutation: Your muscles are strong. (Str +2) [potion of mutation]
  1193 | D        | Noticed a yak
  1193 | D        | Noticed a yak
  1199 | D        | Killed a yak
  1199 | D        | Offered knowledge of Mephitic Cloud by Vehumet.
  1199 | D        | Reached XP level 8. HP: 41/41 MP: 21/29
  1199 | D        | Reached skill level 1 in Fighting
  1199 | D        | Reached skill level 1 in Short Blades
  1199 | D        | Reached skill level 1 in Armour
  1199 | D        | Reached skill level 1 in Shields
  1203 | D        | Reached **** piety under Vehumet
  1203 | D        | Reached skill level 10 in Conjurations
  1203 | D        | Noticed a blink frog
  1207 | D        | Killed a blink frog
  1207 | D        | Reached skill level 16 in Spellcasting
  1229 | D        | Reached ***** piety under Vehumet
  1229 | D        | Reached XP level 9. HP: 49/49 MP: 12/31
  1234 | D        | Learned a level 3 spell: Mephitic Cloud
  1247 | D        | Gained mutation: Your movements are slightly less encumbered by armour. (ER -2) [evolution]
  1483 | D        | Noticed a komodo dragon
  1483 | D        | Noticed a komodo dragon
  1491 | D        | Offered knowledge of Olgreb's Toxic Radiance by Vehumet.
  1491 | D        | Reached skill level 5 in Dodging
  1503 | D        | Learned a level 4 spell: Olgreb's Toxic Radiance
  1535 | D        | Noticed a spiny frog
  1535 | D        | Offered knowledge of Throw Icicle by Vehumet.
  1535 | D        | Reached skill level 1 in Air Magic
  1535 | D        | Reached skill level 1 in Poison Magic
  1549 | D        | Killed a komodo dragon
  1646 | D        | Learned a level 4 spell: Throw Icicle
  1659 | D        | Killed a komodo dragon
  1659 | D        | Offered knowledge of Fulminant Prism by Vehumet.
  1665 | D        | Reached skill level 17 in Spellcasting
  1665 | D        | Reached skill level 1 in Ice Magic
  1666 | D        | Killed a spiny frog
  1800 | D        | Noticed a death yak
  1800 | D        | Noticed a death yak
  1800 | D        | Noticed a death yak
  1813 | D        | Noticed a death yak
  1815 | D        | Mangled by a death yak

Vault maps used:
D:        linesprint

Skill      XL: |  1  2  3  4  5  6  7  8  9 |
---------------+----------------------------+-----
Spellcasting   | 4 6 8 10 12 14 15 16 17 | 17.1
Conjurations   | 2 3 4 5 7 8 9 10 | 10.8
Fire Magic     | 4 5 6 7 9 10 11 | 11.2
Fighting       | 2 3 |  3.8
Short Blades   | 3 4 |  4.6
Armour         | 2 3 |  3.8
Dodging        | 4 6 |  6.2
Shields        | 2 3 |  3.8
Air Magic      | 2 |  2.9
Poison Magic   | 3 |  3.2
Ice Magic      | 1 |  1.9
Stealth        | |  2.4

Action                   |  1- 3 |  4- 6 |  7- 9 || total
-------------------------+-------+-------+-------++-------
Melee: Unarmed           |     8 |       |       ||     8
       Whip              |    10 |       |       ||    10
       Rapier            |       |     7 |     4 ||    11
 Cast: Flame Tongue      |    26 |     8 |    38 ||    72
       Conjure Flame     |     2 |     2 |     6 ||    10
       Inner Flame       |     1 |     2 |     8 ||    11
       Fireball          |       |     1 |     2 ||     3
       Sticky Flame      |       |       |     7 ||     7
       Olgreb's Toxic Ra |       |       |     3 ||     3
       Mephitic Cloud    |       |       |     2 ||     2
       Throw Flame       |       |       |     1 ||     1
  Use: Potion            |     1 |     7 |     2 ||    10
       Scroll            |       |     1 |       ||     1
  Eat: Ration            |       |       |     1 ||     1
Armor: Robe              |     1 |       |       ||     1
       Steam dragon scal |       |       |     1 ||     1
Dodge: Dodged            |    24 |    16 |    12 ||    52
Block: Buckler           |       |       |     4 ||     4

Table legend:
 A = Spawn XP
 B = Non-spawn XP
 C = Spawn XP percentage of total XP
 D = Spawn monster count
 E = Non-spawn monster count
 F = Spawn count percentage of total count
 G = Total turns spent on level
                    A         B        C        D         E        F      G
               +---------+---------+-------+---------+---------+-------+---------
         Total |       0 |    5082 |   0.0 |       0 |      39 |   0.0 |  1815
               +---------+---------+-------+---------+---------+-------+---------
             D |       0 |    5082 |   0.0 |       0 |      39 |   0.0 |  1815
               +---------+---------+-------+---------+---------+-------+---------
